 Dungeon Crawl Stone Soup version 0.25.0-10-g039870ee82 (webtiles) character file.

Game seed: 1811653353298459114

32 gas the Skirmisher (level 3, -1/29 HPs)
             Began as a Demonspawn Fighter on June 22, 2020.
             Slain by a centaur (2 damage)
             ... on level 2 of the Dungeon.
             The game lasted 00:07:23 (1148 turns).

gas the Skirmisher (Demonspawn Fighter)             Turns: 1148, Time: 00:07:24

Health: -1/29      AC:  6    Str: 17    XL:     3   Next: 10%
Magic:  3/3        EV:  7    Int:  9    God:
Gold:   11         SH:  9    Dex: 12    Spells: 2/2 levels left

rFire    . . .     SeeInvis .   a - +0 long sword
rCold    . . .     Gourm    .   c - +0 kite shield
rNeg     . . .     Faith    .   b - +0 scale mail
rPois    .         Spirit   .   (no helmet)
rElec    .         Reflect  .   (no cloak)
rCorr    +         Harm     .   (no gloves)
MR       .....                  (no boots)
Stlth    ..........             (no amulet)
HPRegen  0.09/turn              h - ring of resist corrosion
MPRegen  0.08/turn              (no ring)

@: no status effects
A: powered by death 1
a: no special abilities


You were on level 2 of the Dungeon.
You were not hungry.

You visited 1 branch of the dungeon, and saw 2 of its levels.

You collected 11 gold pieces.

Inventory:

Hand Weapons
 a - a +0 long sword (weapon)
 e - a +0 short sword
Armour
 b - a +0 scale mail (worn)
 c - a +0 kite shield (worn)
Jewellery
 h - a ring of resist corrosion (left hand)
Scrolls
 g - a scroll of remove curse {unknown}
 i - a scroll of identify
Potions
 d - a potion of might
 j - 2 potions of mutation {unknown}
Comestibles
 f - 2 rations


   Skills:
 + Level 3.3 Fighting
 + Level 2.1 Long Blades
 + Level 2.9 Armour
 + Level 0.4 Dodging
 + Level 3.1 Shields


You had 2 spell levels left.
You didn't know any spells.
Your spell library was empty.

Dungeon Overview and Level Annotations

Branches:
Dungeon (2/15)

Altars:
Okawaru
Trog


Innate Abilities, Weirdness & Mutations

You regenerate a little health from kills.


Message History

* * * LOW HITPOINT WARNING * * *
You see here 2 arrows.
The centaur unwields a +0 shortbow.
The centaur hits you.
* * * LOW HITPOINT WARNING * * *
The centaur hits you.
* * * LOW HITPOINT WARNING * * *
You closely miss the centaur. The centaur closely misses you.
You riposte.
You hit the centaur.
The centaur is lightly wounded.
The centaur barely misses you.
You riposte.
You barely miss the centaur.
The centaur is lightly wounded.
You hit the centaur but do no damage.
The centaur is lightly wounded.
The centaur hits you.
* * * LOW HITPOINT WARNING * * *
The centaur barely misses you. You block the centaur's attack.
You hit the centaur.
The centaur is moderately wounded.
The centaur hits you.
You die...

#..g(# #..........
#..go# #..........
#.c.(# #....c.....
#....######..........
#...(#....#..<.S.....
#...(#....#..........
##...(#(...##########.
.##....o#....#
.......gc@...#
###....(#..<.##
#.....#.....#
#.....#.(...#
#...###.....# #...
#....## #... #....#
#... ##)### #.. #.#


You could see a centaur, an orc and a goblin.

Vanquished Creatures
  2 dart slugs
  4 leopard geckos (D:1)
  2 ball pythons (D:1)
  4 goblins
  4 hobgoblins (D:1)
  A bat (D:1)
  2 frilled lizards (D:1)
  3 kobolds (D:1)
  A rat (D:1)
23 creatures vanquished.

Notes
Turn   | Place    | Note
-------+----------+-------------------------------------------
     0 | D:1      | gas the Demonspawn Fighter began the quest for the Orb.
     0 | D:1      | Reached XP level 1. HP: 18/18 MP: 1/1
   162 | D:1      | Gained mutation: You regenerate a little health from kills.
                  | [demonic ancestry]
   162 | D:1      | Reached XP level 2. HP: 24/24 MP: 2/2
   649 | D:1      | Reached XP level 3. HP: 22/29 MP: 3/3
  1026 | D:2      | Noticed a centaur
  1119 | D:2      | Found an iron altar of Okawaru.
  1125 | D:2      | Found a bloodstained altar of Trog.
  1147 | D:2      | HP: 1/29 [centaur (4)]
  1148 | D:2      | Slain by a centaur

Illustrated notes

Levels and vault maps discovered:
D:1:      elethiomel_arrival_infinity_welcomes_careful_drivers, layout_basic
D:2:      layout_basic, grunt_temple_overflow_open, led_sif_pool, first_ration,
          grunt_ministairs_2, minmay_cupped

Skill      XL: |  1  2 |
---------------+-------+-----
Shields        | 3 |  3.1
Long Blades    | 2 |  2.1
Fighting       | |  3.3
Armour         | |  2.9
Dodging        | |  0.4

Action                   || total
-------------------------++-------
Melee: Long sword        ||    78
  Use: Scroll            ||     2
  Eat: Ration            ||     1
Armor: Scale mail        ||    28
Dodge: Dodged            ||    37
Block: Kite shield       ||    50
       Rpst.: Long sword ||    11
